[Event "Titled Tuesday Blitz May 24 Early 2022"]
[White "Riehle, Marco"]
[Black "Barp, Alberto"]
[WhiteFideId "12904392"]
[BlackFideId "872555"]
[WhiteElo "2462"]
[BlackElo "2229"]
[Result "0-1"]
[Round "09"]
[TimeControl "180+1"]
[Date "2022.05.24"]
[WhiteClock "0:00:58"]
[BlackClock "0:00:15"]

1. e4 c5 2. a3 e6 3. b4 b6 4. Bb2 Nf6 5. e5 Nd5 6. c4 Nc7 7. Nf3 cxb4 8. Bd3 Nc6 9. O-O Be7 10. Be4 O-O 11. d4 bxa3 12. Nxa3 f5 13. Bb1 Na5 14. d5 Bc5 15. Nb5 Nxc4 16. Nxc7 Nxb2 17. Qb3 Qxc7 18. d6 Qd8 19. Qxb2 Bb7 20. Qb3 Bd5 21. Qd3 a5 22. Ba2 Be4 23. Qe2 a4 24. Bc4 a3 25. Nd2 Bb7 26. Nb3 Qg5 27. g3 f4 28. Nxc5 bxc5 29. Rfb1 Bc6 30. Rb6 f3 31. Qe1 Kh8 32. Bxe6 Rfe8 33. Bh3 Qxe5 34. Qxe5 Rxe5 35. Rxa3 Re1+ 36. Bf1 Rae8 37. Re3 g6 38. h4 c4 39. Rxc6 dxc6 40. d7 R1xe3 41. fxe3 Rd8 42. Bxc4 Rxd7 43. Kf2 Kg7 44. Kxf3 Kf6 45. g4 Ke5 46. g5 c5 47. Ke2 Kf5 48. Kf3 Re7 49. e4+ Ke5 50. Ke3 Ra7 51. Bd5 Ra3+ 52. Kf2 Rh3 53. Kg2 Rxh4 54. Kg3 Rh5 55. Kg4 Kd4 56. Bf7 Rh1 57. e5 Kxe5 58. Bg8 Kd4 59. Kf4 c4 60. Kg3 c3 61. Kg2 Rh5 62. Bb3 Rxg5+ 63. Kf3 Rb5 0-1


[Site "https://www.chess.com"]

[Event "Titled Tuesday Blitz May 24 Early 2022"]
[White "Rodchenkov, Sergey D."]
[Black "Gronnestad, Anita"]
[WhiteFideId "4168712"]
[BlackFideId "1502972"]
[WhiteElo "2306"]
[BlackElo "1933"]
[Result "1-0"]
[Round "09"]
[TimeControl "180+1"]
[Date "2022.05.25"]
[WhiteClock "0:00:19"]
[BlackClock "0:00:01"]

1. e4 c5 2. Nf3 g6 3. d4 cxd4 4. Nxd4 Nc6 5. c4 Nf6 6. Nc3 Nxd4 7. Qxd4 d6 8. Be2 Bg7 9. Be3 O-O 10. Qd3 Nd7 11. O-O Nc5 12. Qc2 Be6 13. Rad1 Rc8 14. b3 a6 15. Nd5 Bxd5 16. Rxd5 Qc7 17. f4 Rfd8 18. f5 e6 19. Rdd1 d5 20. fxg6 hxg6 21. exd5 exd5 22. Rxd5 Ne6 23. Qe4 Re8 24. Qf3 Qe7 25. Bd3 Nc7 26. Bc5 Qe6 27. Rd6 Qe7 28. Kh1 Ne6 29. Ba3 Rc7 30. Qd5 Ng5 31. Rxg6 Qxa3 32. Qxg5 Qb2 33. Qh5 1-0


[Site "https://www.chess.com"]

[Event "Titled Tuesday Blitz May 24 Early 2022"]
[White "Rostovtsev, Dmitry"]
[Black "Pakleza, Zbigniew"]
[WhiteFideId "34278320"]
[BlackFideId "1119290"]
[WhiteElo "2274"]
[BlackElo "2467"]
[Result "1-0"]
[Round "09"]
[TimeControl "180+1"]
[Date "2022.05.24"]
[WhiteClock "0:00:08"]
[BlackClock "0:00:14"]

1. c4 c6 2. d4 d5 3. Nf3 Nf6 4. e3 Bf5 5. Nc3 e6 6. Nh4 Be4 7. f3 Bg6 8. g3 Nbd7 9. Bg2 Bh5 10. Bf1 Bd6 11. c5 Bc7 12. Be2 O-O 13. f4 Bxe2 14. Qxe2 b6 15. b4 a5 16. b5 bxc5 17. bxc6 cxd4 18. Nb5 Nb8 19. Ba3 Re8 20. exd4 Ra6 21. O-O Rxc6 22. Rac1 Bb6 23. Nf3 Ne4 24. Ne5 Rxc1 25. Rxc1 f6 26. Nd3 Qd7 27. Nc5 Bxc5 28. Bxc5 Nc6 29. a4 Rc8 30. Qe1 h6 31. Kg2 e5 32. dxe5 fxe5 33. fxe5 Nxe5 34. Bd4 Nd3 35. Rxc8+ Qxc8 36. Qxa5 Qc2+ 37. Kf3 Qd1+ 38. Ke3 Ndf2 39. Qd8+ Kh7 40. Qe7 Qd2+ 41. Kf3 Qg5 42. Qxg5 Nxg5+ 43. Kxf2 Ne6 44. Kf3 g5 45. Ke3 Nd8 46. a5 Nc6 47. a6 Kg6 48. a7 Nxa7 49. Bxa7 Kf5 50. Kf3 Ke5 51. Bd4+ Kf5 52. g4+ Ke6 53. h3 1-0


[Site "https://www.chess.com"]

[Event "Titled Tuesday Blitz May 24 Early 2022"]
[White "Samaganova, Aleksandra"]
[Black "Borgaonkar Akshay"]
[WhiteFideId "13800221"]
[BlackFideId "25639110"]
[WhiteElo "1889"]
[BlackElo "1639"]
[Result "0-1"]
[Round "09"]
[TimeControl "180+1"]
[Date "2022.05.25"]
[WhiteClock "0:00:02"]
[BlackClock "0:01:02"]

1. c4 Nf6 2. Nc3 g6 3. g3 Bg7 4. Bg2 O-O 5. e3 d6 6. Nge2 Nc6 7. O-O e5 8. d4 Re8 9. Rb1 a5 10. a3 Bf5 11. Ra1 Qc8 12. Nb5 Bh3 13. Nec3 Bxg2 14. Kxg2 Na7 15. Nxa7 Rxa7 16. Bd2 c6 17. b4 exd4 18. exd4 axb4 19. axb4 Rxa1 20. Qxa1 Ne4 21. Nxe4 Rxe4 22. Bc3 h6 23. Re1 Qe6 24. Rd1 Qxc4 25. Qa3 Qd5 26. Kg1 Bxd4 27. Bxd4 Rxd4 28. Qa8+ Kh7 29. Rb1 Rd1+ 30. Rxd1 Qxd1+ 31. Kg2 Qd5+ 32. Kg1 b5 33. Qf8 Qe6 34. h4 d5 35. Kg2 d4 36. Qd8 Qd5+ 37. Qxd5 cxd5 0-1


[Site "https://www.chess.com"]

[Event "Titled Tuesday Blitz May 24 Early 2022"]
[White "Sargsyan, Anna M."]
[Black "Samunenkov, Ihor"]
[WhiteFideId "13308130"]
[BlackFideId "14187086"]
[WhiteElo "2271"]
[BlackElo "2409"]
[Result "0-1"]
[Round "09"]
[TimeControl "180+1"]
[Date "2022.05.25"]
[WhiteClock "0:00:09"]
[BlackClock "0:00:07"]

1. d4 d5 2. c4 e6 3. Nf3 a6 4. cxd5 exd5 5. Qb3 h6 6. Nc3 Nf6 7. Bf4 c6 8. e3 Bd6 9. Ne5 O-O 10. Bd3 Qc7 11. O-O Be6 12. Bg3 c5 13. Qc2 c4 14. Bf5 Nc6 15. Bxe6 fxe6 16. f4 Ne7 17. Bf2 b5 18. a3 Rab8 19. Kh1 a5 20. a4 b4 21. Nb5 Qb6 22. Nxd6 Qxd6 23. g4 Ne4 24. Bh4 Nc6 25. g5 hxg5 26. Bxg5 Nxg5 27. Rg1 Ne4 28. Qg2 Rb7 29. Ng6 Rf6 30. Qf3 Ne7 31. Ne5 Nf5 32. Ng4 Rg6 33. Rg2 c3 34. bxc3 Nh4 35. Qh3 Nxg2 36. c4 Rxg4 37. Rf1 Rg6 38. c5 Qf8 39. f5 exf5 40. Rxf5 Rf7 41. Rxf7 Qxf7 42. Qc8+ Qf8 0-1


[Site "https://www.chess.com"]

[Event "Titled Tuesday Blitz May 24 Early 2022"]
[White "Sarkar, Justin"]
[Black "Zorbos"]
[WhiteFideId "2010011"]
[WhiteElo "2020"]
[BlackElo "2464"]
[Result "0-1"]
[Round "09"]
[TimeControl "180+1"]
[Date "2022.05.25"]
[WhiteClock "0:00:01"]
[BlackClock "0:01:38"]

1. d4 Nf6 2. c4 e6 3. Nf3 c5 4. d5 d6 5. Nc3 exd5 6. cxd5 g6 7. e4 Bg7 8. Be2 O-O 9. O-O Re8 10. Qc2 Na6 11. Nd2 Nc7 12. a4 Rb8 13. Nc4 b6 14. Bf4 Bf8 15. Rad1 Ba6 16. h3 Bxc4 17. Bxc4 Nd7 18. Rfe1 a6 19. Bf1 b5 20. axb5 Nxb5 21. Bxb5 axb5 22. Ra1 b4 23. Nb1 Qf6 24. Bg3 Bg7 25. Re2 Ra8 26. Rxa8 Rxa8 27. Nd2 Nb6 28. Nc4 Nxc4 29. Qxc4 Qe7 30. b3 h5 31. h4 Bf6 32. f3 Bxh4 33. Bxh4 Qxh4 34. Qc1 Qf6 35. e5 dxe5 36. Qe3 Ra1+ 37. Re1 Qf4 0-1


[Site "https://www.chess.com"]

[Event "Titled Tuesday Blitz May 24 Early 2022"]
[White "Seo, Jung Min"]
[Black "Demchenko, Anton"]
[WhiteFideId "1734687"]
[BlackFideId "4160258"]
[WhiteElo "2401"]
[BlackElo "2539"]
[Result "0-1"]
[Round "09"]
[TimeControl "180+1"]
[Date "2022.05.24"]
[WhiteClock "0:01:17"]
[BlackClock "0:01:22"]

1. d4 Nf6 2. c4 g6 3. Nc3 Bg7 4. e4 d6 5. h3 O-O 6. Be3 e5 7. d5 Na6 8. Nf3 Nc5 9. Nd2 a5 10. Be2 Bd7 11. g4 a4 12. h4 c6 13. h5 Qa5 14. a3 Nfxe4 15. Ncxe4 Nxe4 16. Qc2 cxd5 17. cxd5 Nf6 18. hxg6 hxg6 19. Bh6 Rac8 20. Qd3 Nxg4 21. Bxg4 Bxg4 22. Qe3 Qc5 23. Qg5 Qc1+ 0-1


[Site "https://www.chess.com"]

[Event "Titled Tuesday Blitz May 24 Early 2022"]
[White "Shevtchenko, Olesya"]
[Black "Fernandez Hernandez, Gerardo"]
[WhiteFideId "24131890"]
[BlackFideId "2207400"]
[WhiteElo "2003"]
[BlackElo "2211"]
[Result "1-0"]
[Round "09"]
[TimeControl "180+1"]
[Date "2022.05.25"]
[WhiteClock "0:00:09"]
[BlackClock "0:00:32"]

1. c4 b6 2. Nc3 Bb7 3. e4 e5 4. Nf3 Nf6 5. Nxe5 Qe7 6. d4 d6 7. Qa4+ c6 8. Nf3 Nxe4 9. Be2 Nxc3 10. bxc3 g6 11. O-O Bg7 12. Re1 O-O 13. Bg5 Qd7 14. Rad1 Re8 15. Bd3 Na6 16. c5 Rxe1+ 17. Rxe1 b5 18. Qb3 Re8 19. Rxe8+ Qxe8 20. cxd6 Bf8 21. Bf4 Nb8 22. h3 Nd7 23. Ne5 Nb6 24. Ng4 Nd5 25. Qxd5 cxd5 26. Nf6+ Kh8 27. Nxe8 Bc6 28. Nc7 g5 29. Bg3 f5 30. Bxf5 Kg7 31. Be6 Kf6 32. Bxd5 Bd7 33. Be5+ Kf5 34. Bb3 a5 35. g4+ Ke4 36. Be6 Bc6 37. d7 Be7 38. Na6 b4 39. cxb4 axb4 40. Nb8 Bxd7 41. Bxd7 Kd5 42. Kg2 h6 43. Bc6+ Kc4 44. Kf3 b3 45. axb3+ Kxb3 46. d5 Kc4 47. d6 Bd8 48. d7 Kc5 49. Bb7 Kb6 50. Bc6 Ka7 51. Bd6 Kb6 52. Ke4 Ka7 53. Ke5 Kb6 54. Ke6 Bc7 55. Bxc7+ Kxc7 56. Ke7 h5 57. d8=Q# 1-0


[Site "https://www.chess.com"]

[Event "Titled Tuesday Blitz May 24 Early 2022"]
[White "Shimanov, Aleksandr"]
[Black "Martinez Alcantara, Jose Eduardo"]
[WhiteFideId "4198603"]
[BlackFideId "3805662"]
[WhiteElo "2605"]
[BlackElo "2690"]
[Result "0-1"]
[Round "09"]
[TimeControl "180+1"]
[Date "2022.05.24"]
[WhiteClock "0:00:02"]
[BlackClock "0:00:14"]

1. e4 c5 2. Nc3 Nc6 3. Bb5 Nd4 4. Nf3 Nxb5 5. Nxb5 d6 6. d4 a6 7. Nc3 cxd4 8. Qxd4 e5 9. Qd3 h6 10. Nd2 Be6 11. Nc4 Nf6 12. Ne3 Rc8 13. a4 Qc7 14. O-O Be7 15. Bd2 O-O 16. a5 Rfd8 17. Rfd1 Qc6 18. Be1 Bf8 19. Ncd5 Bxd5 20. exd5 Qd7 21. c4 g6 22. b4 Nh5 23. Rac1 Nf4 24. Qc2 e4 25. Bc3 Re8 26. Ba1 f5 27. c5 Nd3 28. c6 Qf7 29. Rxd3 exd3 30. Qxd3 Re4 31. b5 axb5 32. Qxb5 h5 33. Rd1 f4 34. cxb7 Rb8 35. a6 fxe3 36. fxe3 Bh6 37. Qb2 Bxe3+ 38. Kh1 Bd4 39. Qc2 Rf4 40. Bxd4 Rxd4 41. Rb1 Rf4 42. h3 Rf1+ 43. Kh2 Qf4+ 44. g3 Rf2+ 0-1


[Site "https://www.chess.com"]

[Event "Titled Tuesday Blitz May 24 Early 2022"]
[White "Shton, Roman"]
[Black "Vo, Thi Kim Phung"]
[WhiteFideId "14137461"]
[BlackFideId "12401838"]
[WhiteElo "2013"]
[BlackElo "2261"]
[Result "0-1"]
[Round "09"]
[TimeControl "180+1"]
[Date "2022.05.25"]
[WhiteClock "0:00:28"]
[BlackClock "0:01:49"]

1. d4 Nf6 2. Nf3 e6 3. g3 d5 4. Bg2 c5 5. O-O Nc6 6. c4 dxc4 7. Ne5 Nxe5 8. dxe5 Nd5 9. Na3 Be7 10. Nxc4 O-O 11. e4 Nb4 12. Nd6 b6 13. f4 Ba6 14. Rf3 Qd7 15. f5 f6 16. a3 Nc6 17. Rd3 Bxd3 18. Qxd3 Nxe5 19. fxe6 Qxd6 20. Qxd6 Bxd6 21. Be3 Rad8 22. Rd1 Be7 23. Bh3 Rxd1+ 0-1


[Site "https://www.chess.com"]

[Event "Titled Tuesday Blitz May 24 Early 2022"]
[White "Shuvalov, Evgenij"]
[Black "Artemenko, Oleg"]
[WhiteFideId "4187237"]
[BlackFideId "14201798"]
[WhiteElo "2053"]
[BlackElo "2287"]
[Result "0-1"]
[Round "09"]
[TimeControl "180+1"]
[Date "2022.05.25"]
[WhiteClock "0:00:29"]
[BlackClock "0:01:39"]

1. Nf3 Nf6 2. c4 e6 3. g3 d5 4. Bg2 Bd6 5. b3 O-O 6. Bb2 c6 7. O-O Nbd7 8. d3 e5 9. cxd5 cxd5 10. Nc3 d4 11. Nb5 Bb8 12. Ba3 a6 13. Nd6 Qe7 14. Nc4 Qd8 15. Bxf8 Qxf8 16. Rc1 a5 17. a4 Ra6 18. Nfd2 Nc5 19. Na3 Be6 20. Ndc4 Nd5 21. Nb5 Nb4 22. Qd2 Nxb3 23. Qb2 Nxc1 24. Rxc1 Nc6 25. Nd2 Rb6 26. Nc4 Bxc4 27. Rxc4 Na7 28. Qc2 Nxb5 29. Rc8 Nc3 30. Rxf8+ Kxf8 31. h4 Bd6 32. Bf3 Ba3 33. Kg2 Rb1 34. e3 Rb2 35. Qc1 Rxf2+ 36. Kxf2 Bxc1 37. exd4 exd4 38. Bxb7 Nxa4 39. Bc6 Nc3 0-1


[Site "https://www.chess.com"]

[Event "Titled Tuesday Blitz May 24 Early 2022"]
[White "Shuvalova, Polina"]
[Black "Kalogridis, Antonios"]
[WhiteFideId "24171760"]
[BlackFideId "25833901"]
[WhiteElo "2355"]
[BlackElo "1596"]
[Result "1-0"]
[Round "09"]
[TimeControl "180+1"]
[Date "2022.05.25"]
[WhiteClock "0:01:39"]
[BlackClock "0:01:21"]

1. e4 c5 2. Nc3 Nc6 3. Bb5 d6 4. Nf3 Bd7 5. O-O g6 6. d4 cxd4 7. Nxd4 Nxd4 8. Qxd4 f6 9. Be3 Nh6 10. Rad1 Nf7 11. f4 Bg7 12. f5 Bxb5 13. Nxb5 O-O 14. Kh1 Ne5 15. c4 a6 16. Nc3 Rc8 17. b3 Qd7 18. a4 g5 19. Nd5 Kh8 20. Nb6 Qc7 21. Nxc8 Rxc8 22. Qd5 Qc6 23. Bd4 Nd7 24. Rf3 Nf8 25. Qf7 Qe8 26. Qxe8 Rxe8 27. c5 Nd7 28. cxd6 exd6 29. Bg1 Bf8 30. Rd4 Nc5 31. Re3 Kg7 32. h3 a5 33. Rc4 Re5 34. Re2 Nxb3 35. Rb2 Nd2 36. Rxd2 1-0


[Site "https://www.chess.com"]

[Event "Titled Tuesday Blitz May 24 Early 2022"]
[White "Sismeiro, Miguel"]
[Black "Shipov, Sergei"]
[WhiteFideId "1950975"]
[BlackFideId "4113624"]
[WhiteElo "2031"]
[BlackElo "2797"]
[Result "1/2-1/2"]
[Round "09"]
[TimeControl "180+1"]
[Date "2022.05.24"]
[WhiteClock "0:00:06"]
[BlackClock "0:00:10"]

1. d4 Nf6 2. Nf3 g6 3. Nc3 d5 4. Bf4 a6 5. e3 Bg7 6. Be2 O-O 7. Ne5 Nbd7 8. h4 c5 9. h5 Qb6 10. Qd2 Qxb2 11. Rb1 Qa3 12. hxg6 hxg6 13. Bf3 e6 14. Kf1 b5 15. g4 b4 16. Ne2 Qxa2 17. Kg2 Nxe5 18. Bxe5 Bb7 19. dxc5 Ne4 20. Qd4 f6 21. Bc7 Ng5 22. Rb2 Qa3 23. Rb3 Qa2 24. Rb2 Qa4 25. Rxb4 Qc6 26. Rb6 Qxc7 27. Qd3 f5 28. Nf4 Nxf3 29. Nxe6 Qd7 30. gxf5 Rxf5 31. Rd6 Qf7 32. c6 Bxc6 33. Rxc6 Rf8 34. Nf4 Ne5 35. Qxd5 Rg5+ 36. Kf1 Qxd5 37. Nxd5 Ng4 38. Nf4 Rgf5 39. Rxg6 Rxf4 40. exf4 Rxf4 41. Rg1 Rxf2+ 42. Ke1 Rxc2 43. R1xg4 Rc7 44. Kd2 a5 45. Rxg7+ Rxg7 46. Rxg7+ Kxg7 47. Kc3 1/2-1/2


[Site "https://www.chess.com"]

[Event "Titled Tuesday Blitz May 24 Early 2022"]
[White "Skytte, Rasmus"]
[Black "Soumya, Swaminathan"]
[WhiteFideId "1404210"]
[BlackFideId "5016193"]
[WhiteElo "2430"]
[BlackElo "2115"]
[Result "0-1"]
[Round "09"]
[TimeControl "180+1"]
[Date "2022.05.25"]
[WhiteClock "0:01:51"]
[BlackClock "0:00:48"]

1. d4 Nf6 2. Bf4 g6 3. e3 Bg7 4. Nf3 c5 5. c3 b6 6. Bd3 Bb7 7. O-O d6 8. Nbd2 O-O 9. h3 Nbd7 10. Qe2 a6 11. e4 Re8 12. d5 b5 13. c4 e5 14. Bg3 b4 15. Bc2 Nh5 16. Bh2 Nf4 17. Bxf4 exf4 18. Ba4 Bxb2 19. Rab1 Bc3 20. Bxd7 Qxd7 21. Ne1 Bxd2 22. Qxd2 Rxe4 23. f3 0-1


[Site "https://www.chess.com"]

[Event "Titled Tuesday Blitz May 24 Early 2022"]
[White "Sovetbekova, Nurai"]
[Black "Jian, Alex"]
[WhiteFideId "13801910"]
[BlackFideId "30901022"]
[WhiteElo "1660"]
[BlackElo "2111"]
[Result "1-0"]
[Round "09"]
[TimeControl "180+1"]
[Date "2022.05.25"]
[WhiteClock "0:01:17"]
[BlackClock "0:00:01"]

1. d4 Nf6 2. c4 e6 3. g3 d5 4. Bg2 dxc4 5. Nf3 a6 6. O-O b5 7. a4 Bb7 8. b3 cxb3 9. axb5 axb5 10. Rxa8 Bxa8 11. Qxb3 b4 12. Bd2 Bd5 13. Qb2 Nc6 14. Rc1 Be7 15. Bf4 O-O 16. Nbd2 Nh5 17. e4 Nxf4 18. gxf4 Bxe4 19. Nxe4 Qd5 20. Nfg5 Qxd4 21. Qb1 Bxg5 22. Nxg5 g6 23. Rxc6 Qxf4 24. Nf3 Rd8 25. Qc1 1-0


[Site "https://www.chess.com"]

[Event "Titled Tuesday Blitz May 24 Early 2022"]
[White "Stevens, Christian"]
[Black "Sadubayev, Airat"]
[WhiteFideId "2604450"]
[BlackFideId "13713264"]
[WhiteElo "2495"]
[BlackElo "2234"]
[Result "1-0"]
[Round "09"]
[TimeControl "180+1"]
[Date "2022.05.25"]
[WhiteClock "0:00:11"]
[BlackClock "0:00:11"]

1. Nf3 d5 2. e3 Nf6 3. c4 c6 4. Nc3 e6 5. Qc2 Bd6 6. b3 O-O 7. Bb2 Re8 8. Be2 Nbd7 9. O-O b6 10. Rac1 Bb7 11. Qb1 Qe7 12. Rfd1 Rad8 13. h3 dxc4 14. bxc4 c5 15. d4 cxd4 16. exd4 Rc8 17. Nb5 Red8 18. Nxa7 Ra8 19. Nb5 Bf4 20. Rc3 Ne4 21. Rb3 Qf6 22. d5 Qh6 23. Qxe4 Nc5 24. Qc2 Nxb3 25. Qxb3 exd5 26. cxd5 Qh5 27. d6 Qc5 28. Bc4 Rd7 29. Bd5 Ra5 30. a4 Ba6 31. Bc4 Bb7 32. Bf1 Bxd6 33. Nxd6 Rxd6 34. Ba3 Rxd1 35. Bxc5 Rxf1+ 36. Kxf1 Ba6+ 37. Kg1 Rxc5 38. Qxb6 Rc1+ 39. Kh2 1-0


[Site "https://www.chess.com"]

[Event "Titled Tuesday Blitz May 24 Early 2022"]
[White "Swiercz, Dariusz"]
[Black "Bharath Subramaniyam H"]
[WhiteFideId "1126881"]
[BlackFideId "46634827"]
[WhiteElo "2627"]
[BlackElo "2242"]
[Result "1-0"]
[Round "09"]
[TimeControl "180+1"]
[Date "2022.05.24"]
[WhiteClock "0:00:26"]
[BlackClock "0:00:09"]

1. d4 Nf6 2. Bg5 d5 3. e3 e6 4. Nd2 Be7 5. c3 c5 6. Bd3 Nc6 7. Ngf3 O-O 8. O-O h6 9. Bh4 b6 10. Qe2 Bb7 11. Rfe1 Re8 12. Rad1 Rc8 13. Bb5 Nd7 14. Bg3 a6 15. Bxa6 Bxa6 16. Qxa6 Ra8 17. Qb5 Qc8 18. e4 Ra5 19. Qd3 cxd4 20. Nxd4 Nc5 21. Qb1 Nxd4 22. cxd4 Nxe4 23. Nxe4 dxe4 24. Rxe4 Rd8 25. a3 Bf6 26. Be5 Bxe5 27. Rxe5 Rxd4 28. Rxa5 Rxd1+ 29. Qxd1 bxa5 30. b4 Qc3 31. bxa5 Qxa5 32. Qa1 Qa4 33. g3 e5 34. Qc3 e4 35. Qe3 Kh7 36. Kg2 f5 37. Qc5 g6 38. Qe7+ Kg8 39. Qe6+ Kg7 40. Qe5+ Kg8 41. Qf6 e3 42. Qxg6+ Kh8 43. Qxh6+ Kg8 44. Qxe3 1-0


[Site "https://www.chess.com"]

[Event "Titled Tuesday Blitz May 24 Early 2022"]
[White "Tanenbaum, Zachary"]
[Black "Petre, Nad-Titus"]
[WhiteFideId "2060850"]
[BlackFideId "1204165"]
[WhiteElo "2168"]
[BlackElo "2354"]
[Result "1-0"]
[Round "09"]
[TimeControl "180+1"]
[Date "2022.05.24"]
[WhiteClock "0:00:16"]
[BlackClock "0:00:01"]

1. e4 c6 2. d4 d5 3. exd5 cxd5 4. Bd3 Nc6 5. c3 e6 6. Bf4 Bd6 7. Bg3 Nge7 8. Nf3 f6 9. O-O O-O 10. Re1 Qc7 11. c4 Bd7 12. a3 Ng6 13. Nc3 Bxg3 14. hxg3 dxc4 15. Bxc4 Rae8 16. d5 Nce5 17. Ba2 Kh8 18. Nd4 exd5 19. Nxd5 Qd6 20. Qb3 Ng4 21. Rad1 Rxe1+ 22. Rxe1 Qc5 23. Qc3 Rc8 24. Qd3 N6e5 25. Qd2 Rd8 26. Rd1 Bc6 27. Ne6 Rxd5 28. Nxc5 Rxd2 29. Rxd2 h6 30. Bd5 Bxd5 31. Rxd5 b6 32. Nd3 Nc4 33. Rd4 Nge5 34. Nxe5 Nxe5 35. f4 Nf7 36. Rd7 Kg8 37. Rxa7 b5 38. Rb7 Nd6 39. Rb6 Nc4 40. Rxb5 1-0


[Site "https://www.chess.com"]

[Event "Titled Tuesday Blitz May 24 Early 2022"]
[White "Tarigan, Gilbert Elroy"]
[Black "Molina, Roberto Junio Brito"]
[WhiteFideId "7108133"]
[BlackFideId "2109450"]
[WhiteElo "1908"]
[BlackElo "2432"]
[Result "1-0"]
[Round "09"]
[TimeControl "180+1"]
[Date "2022.05.24"]
[WhiteClock "0:00:07"]
[BlackClock "0:00:28"]

1. Nf3 d5 2. e3 Bg4 3. c4 c6 4. b3 e6 5. Bb2 Nd7 6. h3 Bh5 7. Be2 Ngf6 8. O-O Bd6 9. d3 Qe7 10. Nbd2 Ba3 11. Qc1 Bxb2 12. Qxb2 a5 13. a3 O-O 14. Nd4 Bxe2 15. Nxe2 e5 16. cxd5 cxd5 17. d4 e4 18. Rfc1 Qd6 19. Rc3 Rfc8 20. Rac1 Rxc3 21. Nxc3 Rc8 22. Nb5 Rxc1+ 23. Qxc1 Qc6 24. Qxc6 bxc6 25. Nd6 Nb6 26. a4 Kf8 27. Nb7 Ke7 28. Nxa5 Kd7 29. Nb7 Kc7 30. Nc5 Ne8 31. Kf1 Nd6 32. Ke2 Nbc8 33. Nb1 Kb6 34. Kd2 f5 35. Na3 g5 36. g3 Ne7 37. b4 h6 38. Kc3 Ng6 39. Ne6 Ne7 40. Nb1 Kb7 41. Nd2 Kc8 42. Nb3 Nc4 43. Na5 Nb6 44. Kb3 Kd7 45. Nc5+ Kc7 46. b5 cxb5 47. axb5 Nbc8 48. Kb4 Nd6 49. Nab3 Nc4 50. Na4 Kd6 51. Na5 Nd2 52. b6 Nc6+ 53. Kb5 Nb8 54. Nb7+ Ke7 55. Kc5 f4 56. Kxd5 fxe3 57. fxe3 Nf1 58. Kxe4 Nxg3+ 59. Ke5 h5 60. Nac5 g4 61. hxg4 h4 62. Nd3 h3 63. Nf2 h2 64. Na5 Nd7+ 65. Kf4 h1=Q 66. Nxh1 Nxh1 67. Kf3 Nxb6 68. Kg2 Nd5 69. Nc4 Nf6 70. g5 Ne4 71. Kxh1 Nxg5 72. Kg2 Ke6 73. Kf2 Kd5 74. Nd2 Nh3+ 75. Ke2 Ng5 76. Kd3 Ke6 77. e4 Kd6 78. Ke3 Ke6 79. Nf3 Nf7 80. Kf4 Nd6 81. d5+ Ke7 82. e5 Nc4 83. Nd4 Nb6 84. Ke4 Kd7 85. Nf5 Nc4 86. e6+ Kc7 87. Kd4 Nb6 88. Ke5 Nc8 89. d6+ Kd8 90. Kf6 Ke8 91. Ng7+ Kd8 92. e7+ Kd7 93. e8=Q+ Kxd6 94. Qxc8 Kd5 95. Qe6+ 1-0


[Site "https://www.chess.com"]

[Event "Titled Tuesday Blitz May 24 Early 2022"]
[White "Tasev, Dejan"]
[Black "Warchol, Kamil"]
[WhiteFideId "936618"]
[BlackFideId "21858241"]
[WhiteElo "2253"]
[BlackElo "1951"]
[Result "1-0"]
[Round "09"]
[TimeControl "180+1"]
[Date "2022.05.25"]
[WhiteClock "0:01:41"]
[BlackClock "0:00:20"]

1. e4 c5 2. Nf3 d6 3. Nc3 a6 4. d4 cxd4 5. Nxd4 b5 6. a3 Bb7 7. Be3 Nf6 8. f3 Nbd7 9. Qd2 Rc8 10. O-O-O e6 11. g4 h6 12. h4 Be7 13. Be2 Ne5 14. g5 Ng8 15. f4 Nc4 16. Bxc4 Rxc4 17. g6 Nf6 18. gxf7+ Kxf7 19. f5 exf5 20. exf5 Bxh1 21. Rxh1 Qa8 22. Rg1 Ne4 23. Qg2 Bf6 24. Nxe4 Rd8 25. Qg6+ Kf8 26. Ne6+ 1-0


[Site "https://www.chess.com"]

[Event "Titled Tuesday Blitz May 24 Early 2022"]
[White "Timofeev, Artyom"]
[Black "Skliarov, Viktor"]
[WhiteFideId "4140419"]
[BlackFideId "14106736"]
[WhiteElo "2594"]
[BlackElo "2229"]
[Result "1-0"]
[Round "09"]
[TimeControl "180+1"]
[Date "2022.05.24"]
[WhiteClock "0:00:03"]
[BlackClock "0:00:05"]

1. e4 c5 2. Nf3 Nc6 3. Bb5 e6 4. Bxc6 bxc6 5. d3 Ne7 6. h4 h5 7. e5 Ng6 8. Nbd2 Qc7 9. Qe2 f6 10. Nc4 Ba6 11. Qe4 Kf7 12. Bf4 f5 13. Qe3 Bxc4 14. dxc4 Qa5+ 15. Kf1 Nxf4 16. Qxf4 Be7 17. g3 Rab8 18. b3 Qc3 19. Rd1 Rb7 20. Rd2 Rh6 21. Kg2 Rg6 22. Ng5+ Ke8 23. Rhd1 a5 24. a4 Rc7 25. Re2 Rb7 26. Rd3 Qb4 27. Red2 Rc7 28. Qe3 Qb6 29. f4 Rh6 30. Rd1 g6 31. Qd2 Qa7 32. Nf3 Rh7 33. Rd6 Rf7 34. Qd3 Rg7 35. Qe3 Rf7 36. Ng5 Bxg5 37. hxg5 Re7 38. R6d2 Rh7 39. Qd3 Rc8 40. Qd6 Qb6 41. Qd3 Qc7 42. Qe3 Rd8 43. Qxc5 Rb8 44. Rd6 h4 45. Rh1 h3+ 46. Rxh3 Rxh3 47. Kxh3 Kf7 48. Kg2 Rh8 49. Qd4 Ke8 50. c5 Qb7 51. Qc4 Rh7 52. Rd1 Ke7 53. Rh1 Rxh1 54. Kxh1 Qa8 55. Kg2 Qb8 56. c3 Ke8 57. b4 Ke7 58. b5 Qb7 59. b6 Ke8 60. Qd4 Qa6 61. Kf2 Kd8 62. c4 Ke8 63. Ke3 Qb7 64. Kd3 Qb8 65. Qc3 Qa8 66. Kc2 Kd8 67. Qd2 Qb8 68. Qxa5 Ke7 69. Qd2 Qh8 70. b7 Ke8 71. b8=Q+ Kf7 72. Qxh8 Ke7 73. Qd6+ 1-0


[Site "https://www.chess.com"]

[Event "Titled Tuesday Blitz May 24 Early 2022"]
[White "Toncheva, Nadya"]
[Black "Volkov, Maksim"]
[WhiteFideId "2924056"]
[BlackFideId "54123070"]
[WhiteElo "1888"]
[BlackElo "2155"]
[Result "0-1"]
[Round "09"]
[TimeControl "180+1"]
[Date "2022.05.25"]
[WhiteClock "0:00:03"]
[BlackClock "0:01:44"]

1. e4 c5 2. Nf3 d6 3. c3 Nf6 4. Bd3 g6 5. O-O Bg7 6. Re1 O-O 7. Bf1 e5 8. h3 Nc6 9. d3 h6 10. Be3 Be6 11. Nbd2 b6 12. g3 d5 13. exd5 Nxd5 14. Bg2 Qc7 15. Nf1 Rad8 16. Qc2 f5 17. d4 e4 18. N3d2 cxd4 19. cxd4 Nxd4 20. Qxc7 Nxc7 21. Rac1 Nd5 22. Kh2 Rf7 23. Red1 Nb4 24. Nb3 Nd3 25. Nxd4 Nxc1 26. Rxc1 Bxd4 27. Bxh6 Bxf2 28. Rc2 Bd4 29. Bf4 Bxa2 30. b4 Be6 31. Ne3 Rfd7 32. Kg1 Kf7 33. Kf2 Kf6 34. Rc6 g5 0-1


[Site "https://www.chess.com"]

[Event "Titled Tuesday Blitz May 24 Early 2022"]
[White "Turutin, Alexander"]
[Black "Hoffmann, Asa"]
[WhiteFideId "4180623"]
[BlackFideId "2001470"]
[WhiteElo "2402"]
[BlackElo "2117"]
[Result "1/2-1/2"]
[Round "09"]
[TimeControl "180+1"]
[Date "2022.05.25"]
[WhiteClock "0:00:15"]
[BlackClock "0:00:05"]

1. e4 d6 2. d4 Nf6 3. Nc3 c6 4. f4 Qa5 5. e5 Ne4 6. Nf3 d5 7. Bd3 Bf5 8. O-O e6 9. Bxe4 dxe4 10. Ng5 Nd7 11. Be3 Bb4 12. Ngxe4 O-O-O 13. a3 Bxc3 14. Nd6+ Kb8 15. bxc3 Qxc3 16. Bf2 Bg6 17. a4 Nb6 18. a5 Nc4 19. Nxc4 Qxc4 20. a6 b6 21. c3 Rd5 22. Qf3 Qd3 23. Qxd3 Bxd3 24. Rfc1 Bc4 25. g3 h5 26. h3 Rhd8 27. Kg2 Rb5 28. Rc2 Rb3 29. g4 hxg4 30. hxg4 g6 31. Bh4 Rd5 32. Be7 Rdb5 33. Kg3 Kc8 34. Kh4 Kd7 35. Bd6 Rb2 36. Rxb2 Rxb2 37. Rh1 Bxa6 38. Kg5 Rg2 39. Rh7 c5 40. Rxf7+ Kc6 41. dxc5 bxc5 42. Rc7+ Kb6 43. Rxc5 Be2 44. c4 Rxg4+ 45. Kf6 Rxf4+ 46. Kxe6 Rxc4 47. Rxc4 Bxc4+ 48. Kf6 Bd3 49. e6 Bb5 50. Kxg6 a6 51. Kf7 a5 52. e7 a4 53. e8=Q Bxe8+ 54. Kxe8 Kb5 55. Ba3 Kc4 56. Kd7 Kb3 57. Bd6 a3 58. Bxa3 1/2-1/2


[Site "https://www.chess.com"]